 Dungeon Crawl Stone Soup version 0.32-a0-699-g1ee5eff69a (webtiles) character file.

Game seed: 13336969642889822770

1 BeKind the Chiller (level 1, -1/11 HPs)
             Began as an Octopode Ice Elementalist on Mar 13, 2024.
             Frozen to death by an endoplasm (5 damage)
             ... on level 1 of the Dungeon.
             The game lasted 00:00:06 (51 turns).

BeKind the Chiller (Octopode Ice Elementalist)        Turns: 51, Time: 00:00:07

Health: -1/11      AC:  1    Str:  7    XL:     1   Next: 20%
Magic:  3/3        EV: 12    Int: 17    God:
Gold:   18         SH:  0    Dex: 12    Spells: 3/4 levels left

rFire   . . .        c - +3 whip
rCold   . . .        (no shield)
rNeg    . . .        (helmet restricted)
rPois   .            (no amulet)
rElec   .            (no ring)
rCorr   .            (no ring)
SInv    .            (no ring)
Will    .....        (no ring)
Stlth   +++          (no ring)
HPRegen 0.21/turn    (no ring)
MPRegen 0.08/turn    (no ring)
                     (no ring)

%: no passive effects
@: no status effects
A: almost no armour, amphibious, 8 rings, camouflage 1, gelatinous body 1,
(nimble swimmer 1), tentacles
a: no special abilities


You were on level 1 of the Dungeon.
You visited 1 branch of the dungeon, and saw 1 of its levels.

You collected 18 gold pieces.

Inventory:

Hand Weapons
 c - a +3 whip (weapon)
Potions
 a - a potion of magic
 b - a potion of curing {unknown}


   Skills:
 + Level 2.0 Dodging
 + Level 2.7 Stealth
 + Level 2.0 Spellcasting
 + Level 4.0 Ice Magic


You had 3 spell levels left.
You knew the following spells:

 Your Spells              Type           Power      Damage    Failure   Level
a - Freeze                Ice            60%        1d7       3%          1

Your spell library contained the following spells:

 Spells                   Type           Power      Damage    Failure   Level
 Frozen Ramparts          Ice            30%        1d5       11%         3
 Ozocubu's Armour         Ice            15%        N/A       11%         3
 Summon Ice Beast         Ice/Summ       8%         N/A       26%         3


Dungeon Overview and Level Annotations

Branches:
Dungeon (1/15)

Altars:


Innate Abilities, Weirdness & Mutations

You cannot wear most types of armour.
You are amphibious.
You can wear up to eight rings at the same time.
Your skin changes colour to match your surroundings (Stealth+).
Your rubbery body absorbs attacks. (AC +1, EV +1)
((You are camouflaged when in or above water. (Stealth+)))
You have tentacles for arms and can constrict up to eight enemies at once.


Message History

Welcome, BeKind the Octopode Ice Elementalist.
Will you be the one to retrieve the fabulous Orb of Zot from the depths?
Press ? for a list of commands and other information.
Found a glowing whip and a red potion.
Found a staircase leading out of the dungeon.
b - a red potion A giant cockroach comes into view.
You see here a +3 whip.
c - a +3 whip
c - a +3 whip (weapon)
The helpless giant cockroach fails to defend itself.
You hit the giant cockroach but do no damage.
Your grab misses the giant cockroach. The giant cockroach barely misses you.
You hit the giant cockroach but do no damage.
Your grab misses the giant cockroach. The giant cockroach closely misses you.
A giant cockroach is nearby!
You hit the giant cockroach. Your grab misses the giant cockroach.
Your squeeze misses the giant cockroach.
The giant cockroach is severely wounded.
The giant cockroach barely misses you.
A giant cockroach is nearby!
You hit the giant cockroach.
You kill the giant cockroach!
You see here a giant cockroach corpse.
You now have 18 gold pieces.
An endoplasm comes into view.
Found a rapier.
An endoplasm is nearby!
The endoplasm quivers.
The endoplasm freezes you.
You are frozen.
You hit the endoplasm.
The endoplasm is heavily wounded.
The endoplasm freezes you.
You are frozen.
The endoplasm freezes you.
You are frozen.
You die...

#.#.### #..###
..... #....#
.### #.##.#
#.##.# #.##.#
#####.##.#
#.#####.....##.#
#)......######.#
#.####.@# #.#
#.J# #..# ...#
###.# ... ###


You could see an endoplasm.

Vanquished Creatures
  A giant cockroach (D:1)
1 creature vanquished.

Notes
Turn   | Place    | Note
-------+----------+-------------------------------------------
     0 | D:1      | BeKind the Octopode Ice Elementalist began the quest for
                  | the Orb.
     0 | D:1      | Reached XP level 1. HP: 11/11 MP: 3/3
    51 | D:1      | Frozen to death by an endoplasm

Illustrated notes

Levels and vault maps discovered:
D:1:      roderic_chinese_lattice_arrival, layout_loops_ring, minivault_4

Action                     || total
---------------------------++-------
  Melee: Whip              ||     5
   Stab: Sleeping          ||     1
  Dodge: Dodged            ||     3

Table legend: (Time is in decaauts)
 A = Elapsed time spent in this place.
 B = Non-inter-level travel time spent in this place.
 C = Inter-level travel time spent in this place.
 D = Time resting spent in this place.
 E = Time spent auto-exploring this place.
 F = Levels seen in this place.
 G = Mean time per level.
                   A        B        C        D        E       F      G
               +--------+--------+--------+--------+--------+-----+--------+
         Total |     50 |     50 |      0 |      0 |     37 |   1 |   50.0 |
       Dungeon |     50 |     50 |      0 |      0 |     37 |   1 |   50.0 |
               +--------+--------+--------+--------+--------+-----+--------+

Top non-repeatable levels by time:
     D:1: 50 daAuts
